 Dungeon Crawl Stone Soup version 0.30-a0-586-g23e55c9e0a (webtiles) character file.

Game seed: 10533409289196007093

4598 retardedninja the Blocker (level 10, -4/92 HPs)
             Began as a Minotaur Fighter on Jan 3, 2023.
             Was an Initiate of Gozag.
             Slain by a red ugly thing (13 damage)
             ... on level 8 of the Dungeon.
             The game lasted 00:10:14 (9143 turns).

retardedninja the Blocker (Minotaur Fighter)        Turns: 9143, Time: 00:10:14

Health: -4/92      AC: 12    Str: 24    XL:     10   Next: 19%
Magic:  0/9        EV:  7    Int:  5    God:    Gozag
Gold:   999        SH: 12    Dex: 17    Spells: 9/9 levels left

rFire   . . .      SeeInvis .    a - +2 war axe
rCold   . . .      Faith    .    B - +0 kite shield
rNeg    . . .      Spirit   +    h - +0 chain mail
rPois   .          Reflect  .    (helmet restricted)
rElec   .          Harm     .    l - +0 cloak
rCorr   +          Rampage  .    (no gloves)
Will    .....                    (no boots) Stlth
                                 t - amulet of guardian spirit
HPRegen 0.35/turn                w - +6 ring of dexterity
MPRegen 0.11/turn                p - ring of resist corrosion

@: no status effects
A: horns 2, retaliatory headbutt
a: Renounce Religion, Potion Petition, Call Merchant, Bribe Branch


You were on level 8 of the Dungeon.
You worshipped Gozag.
Gozag was pleased with you.
You visited 2 branches of the dungeon, and saw 9 of its levels.
You also visited: Sewer.

You collected 1035 gold pieces.
You paid 36 gold pieces to Gozag.

Inventory:

Hand Weapons
 a - a +2 war axe (weapon)
Armour
 h - a +0 chain mail (worn)
 l - a +0 cloak (worn)
 B - a +0 kite shield (worn)
Jewellery
 p - a ring of resist corrosion (right hand)
 t - an amulet of guardian spirit (around neck)
 w - a +6 ring of dexterity (left hand)
Wands
 c - a wand of flame (20)
 n - a wand of polymorph (17)
 s - a wand of charming (7)
 y - a wand of roots (10)
Scrolls
 d - a scroll of fog {unknown}
 m - a scroll of immolation
 u - a scroll of identify
 z - 3 scrolls of amnesia
Potions
 e - a potion of ambrosia {unknown}
 f - 3 potions of attraction
 i - 4 potions of flight {unknown}
 j - 3 potions of mutation
 o - a potion of curing
 q - a potion of lignification
 r - 2 potions of magic
 x - a potion of invisibility {unknown}
 A - a potion of berserk rage {unknown}


   Skills:
 + Level 9.7 Fighting
 + Level 9.3 Axes
 + Level 9.7 Armour
 + Level 9.7 Shields


You had 9 spell levels left.
You didn't know any spells.
Your spell library contained the following spells:

 Spells                   Type           Power      Damage    Failure   Level
 Gell's Gravitas          Tloc           0%         N/A       100%        3
 Ignite Poison            Fire/Tmut/Pois 0%         N/A       100%        3
 Lesser Beckoning         Tloc           0%         N/A       100%        3
 Teleport Other           Tloc           0%         N/A       100%        3
 Sticky Flame             Conj/Fire      0%         2d3       100%        4
 Yara's Violent Unravell  Hex/Tmut       0%         3d3       100%        5
 Enfeeble                 Hex            0%         N/A       100%        7
 Ignition                 Fire           0%         3d3       100%        8


Dungeon Overview and Level Annotations

Branches:
Dungeon (8/15)             Temple (1/1) D:4            Lair (0/5) D:8
  Sewer (visited)

Altars:
Ashenzari
Cheibriados
Dithmenos
Fedhas
Gozag
Hepliaklqana
Nemelex Xobeh
Okawaru
Trog
Uskayaw
Wu Jian
Yredelemnul
Zin
The Shining One

Shops:
D:3 :

Annotations:
D:4 3 runed translucent doors, drugrobin's ghost, amateur DgDe
D:6 1 runed translucent door, Crazy Yiuf
D:8 Maurice


Innate Abilities, Weirdness & Mutations

You have a pair of horns on your head.
You reflexively headbutt those who attack you in melee.


Message History

You closely miss the red ugly thing.
The red ugly thing is lightly wounded.
You block the red ugly thing's attack.
You closely miss the red ugly thing.
The red ugly thing is lightly wounded.
The red ugly thing kicks you!
You are engulfed in flames!
You closely miss the red ugly thing. You headbutt the red ugly thing!
The red ugly thing is moderately wounded.
The red ugly thing kicks you!
You are engulfed in flames!
You block the red ugly thing's attack.
You hit the red ugly thing but do no damage.
You headbutt the red ugly thing.
The red ugly thing is moderately wounded.
The red ugly thing kicks you but does no damage.
You completely miss the red ugly thing.
The red ugly thing is moderately wounded.
The red ugly thing kicks you!
* * * LOW HITPOINT WARNING * * *
You are engulfed in flames!!
* * * LOW HITPOINT WARNING * * *
You slash the red ugly thing!
The red ugly thing is heavily wounded.
You block the red ugly thing's attack.
You feel much better. You block the red ugly thing's attack.
You hit the red ugly thing but do no damage.
The red ugly thing is heavily wounded.
The red ugly thing kicks you.
* * * LOW HITPOINT WARNING * * *
You are engulfed in flames!
* * * LOW HITPOINT WARNING * * *
You hit the red ugly thing.
The red ugly thing is heavily wounded.
You block the red ugly thing's attack.
Okay, then.
Okay, then.
You feel better. The red ugly thing kicks you!
* * * LOW HITPOINT WARNING * * *
You are engulfed in flames!
You die...
Your body crumbles into a pile of gold.

........
#.......###
#.........# ###
#.......#.# ..#
####....<.#.####.#
# ######.#....#.#
#.####.#.#
#......#u#
#.......@#.#
#.##.......#
#.##.#####.#
#......>.#.#
####.#.#.# .
#.###.####
#......# ########


You could see a red ugly thing.

Vanquished Creatures
  6 yaks
  2 humans (D:7)
  A steam dragon (D:8)
  Duvessa (D:6)
  An ice beast (D:5)
  4 black bears
  An ogre (D:5)
  7 centaurs
  A phantom (D:4)
  A kobold brigand (D:6)
  3 bullfrogs
  6 necrophages
  6 scorpions
  Dowan (D:6)
  3 jellies
  A gnoll bouda (D:8)
  3 hounds
  5 orc priests
  Ijyb (D:4)
  Terence (D:3)
  9 orc wizards
  4 iguanas
  A hell rat (Sewer)
  8 gnolls
  9 adders
  A shadow imp (D:5)
  A white imp (D:5)
  4 worms
  3 dart slugs
  29 orcs
  11 endoplasms
  2 giant cockroaches
  6 goblins
  9 hobgoblins
  A jackal (D:3)
  6 kobolds
  4 quokkas
  4 ball pythons
  8 bats
  A frilled lizard (D:1)
  10 rats
186 creatures vanquished.

Vanquished Creatures (others)
  2 plants (D:8)
2 creatures vanquished.

Grand Total: 188 creatures vanquished

Notes
Turn   | Place    | Note
-------+----------+-------------------------------------------
     0 | D:1      | retardedninja the Minotaur Fighter began the quest for the
                  | Orb.
     0 | D:1      | Reached XP level 1. HP: 19/19 MP: 0/0
   100 | D:1      | Reached XP level 2. HP: 27/27 MP: 1/1
   852 | D:2      | Reached XP level 3. HP: 22/33 MP: 2/2
  2023 | D:3      | Reached XP level 4. HP: 24/41 MP: 3/3
  2112 | D:3      | Noticed Terence
  2120 | D:3      | Killed Terence
  2340 | D:3      | Found Weumobutz's Book Shop.
  2474 | D:3      | Found a glowing drain.
  2500 | Sewer    | Entered a sewer
  2544 | Sewer    | Reached XP level 5. HP: 36/47 MP: 4/4
  3044 | D:4      | Reached skill level 5 in Fighting
  3044 | D:4      | Reached skill level 5 in Armour
  3044 | D:4      | Reached skill level 5 in Shields
  3108 | D:4      | Found a runed translucent gate.
  3108 | D:4      | Found a runed translucent gate.
  3109 | D:4      | Found a runed translucent gate.
  3109 | D:4      | Noticed drugrobin's ghost (amateur DgDe)
  3138 | D:4      | Noticed Ijyb
  3142 | D:4      | Reached XP level 6. HP: 48/56 MP: 5/5
  3149 | D:4      | Killed Ijyb
  3451 | D:4      | Found a staircase to the Ecumenical Temple.
  3454 | D:4      | Reached XP level 7. HP: 62/62 MP: 6/6
  3477 | D:4      | Reached skill level 5 in Axes
  3483 | Temple   | Entered the Ecumenical Temple
  3500 | Temple   | Became a worshipper of Gozag Ym Sagoz the Greedy
  3823 | D:5      | Entered Level 5 of the Dungeon
  3942 | D:5      | Reached XP level 8. HP: 56/71 MP: 4/7
  4021 | D:5      | Found a broken altar of Ashenzari.
  4429 | D:5      | Found a hide-covered altar of Uskayaw.
  4729 | D:5      | Found a glowing silver altar of Zin.
  4770 | D:6      | Noticed Dowan
  4786 | D:6      | Noticed Duvessa
  5033 | D:6      | Killed Duvessa
  5034 | D:6      | Reached XP level 9. HP: 60/81 MP: 4/8
  5124 | D:6      | Killed Dowan
  6004 | D:6      | Found a runed translucent door.
  6005 | D:6      | Noticed Crazy Yiuf
  6080 | D:6      | Found a snail-covered altar of Cheibriados.
  6295 | D:7      | Found an iron altar of Okawaru.
  6599 | D:7      | Identified the +4 quarterstaff "Wijetets" {venom, Fragile
                  | Int+6 Dex+3}
  6732 | D:7      | Found a basalt altar of Yredelemnul.
  6744 | D:7      | Found a blossoming altar of Fedhas.
  7284 | D:7      | Found a sparkling altar of Nemelex Xobeh.
  8438 | D:8      | Reached XP level 10. HP: 70/91 MP: 6/9
  8669 | D:8      | Found a staircase to the Lair.
  8807 | D:8      | Noticed Maurice
  9130 | D:8      | Noticed a red ugly thing
  9138 | D:8      | HP: 2/92 [red ugly thing (22)]
  9143 | D:8      | Slain by a red ugly thing

Illustrated notes

Levels and vault maps discovered:
D:1:      dpeg_arrival_houses_and_road, layout_loops_cross
D:2:      layout_basic
D:3:      layout_rooms, serial_shops, nicolae_shop_trees,
          cheibrodos_sewer_entry_bend, serial_curves, eino_curves_03,
          eino_curves_01, eino_curves_03, minmay_quantized, uniq_terence
D:4:      minmay_skewed_foursquare, layout_basic,
          minmay_temple_entry_mini_moons, ebering_ghost_rock_garden,
          kennysheep_cluttered_room, uniq_ijyb
D:5:      layout_loops_ring, lemuel_doored_altar,
          mainiacjoe_overflow_six_doors_small, zin_statuary
D:6:      layout_basic, mainiacjoe_overflow_alcove_2, uniq_duvessa,
          uniq_crazy_yiuf_cottage
D:7:      layout_basic, okawaru_humans, lemuel_coloured_pillars_altar,
          amethyst_overflow_temple_binary
D:8:      layout_basic, dpeg_oklobed_lair, uniq_maurice
Temple:   nicolae_temple_god_jail

Skill      XL: |  1  2  3  4  5  6  7  8  9 |
---------------+----------------------------+-----
Shields        | 4 5 6 8 9 |  9.7
Fighting       | 4 5 6 7 9 |  9.7
Armour         | 4 5 6 7 9 |  9.7
Axes           | 3 4 6 7 9 |  9.3

Action                   |  1- 3 |  4- 6 |  7- 9 | 10-12 || total
-------------------------+-------+-------+-------+-------++-------
Melee: War axe           |    88 |   140 |   266 |    59 ||   553
       Headbutt          |     6 |    16 |    50 |    22 ||    94
  Use: Scroll            |     3 |     2 |     8 |     1 ||    14
       Potion            |       |       |     3 |     3 ||     6
 Stab: Distracted        |       |       |     4 |     2 ||     6
Armor: Scale mail        |     3 |       |       |       ||     3
       Chain mail        |    52 |    72 |   197 |    16 ||   337
       Skin              |       |       |     3 |       ||     3
Dodge: Dodged            |    41 |    67 |   102 |     4 ||   214
Block: Buckler           |    22 |    26 |    69 |       ||   117
       Kite shield       |       |       |    45 |    22 ||    67

Table legend: (Time is in decaauts)
 A = Elapsed time spent in this place.
 B = Non-inter-level travel time spent in this place.
 C = Inter-level travel time spent in this place.
 D = Time resting spent in this place.
 E = Time spent auto-exploring this place.
 F = Levels seen in this place.
 G = Mean time per level.
                   A        B        C        D        E       F      G
               +--------+--------+--------+--------+--------+-----+--------+
         Total |   9312 |   8993 |    319 |   2093 |   5452 |  10 |  931.2 |
       Dungeon |   9140 |   8832 |    308 |   2093 |   5380 |   8 | 1142.5 |
        Temple |     27 |     16 |     11 |      0 |      1 |   1 |   27.0 |
         Sewer |    144 |    144 |      0 |      0 |     71 |   1 |  144.0 |
               +--------+--------+--------+--------+--------+-----+--------+

Top non-repeatable levels by time:
     D:7: 2561 daAuts
     D:5: 1398 daAuts
     D:2: 1259 daAuts
     D:6: 1035 daAuts
     D:3: 920 daAuts
     D:4: 802 daAuts
     D:1: 780 daAuts
     D:8: 383 daAuts
   Sewer: 144 daAuts
  Temple: 27 daAuts
